AoeStats
← Javan

Arabia

509800225Analyzed
1v1 RM · 4d ago on Sep 28, 2026· 31m 35s· 2 players
Game mode
Random Map
Map size
Tiny (2 player)
Population
200
Speed
Normal
Resources
Standard
Victory
Conquest
Starting age
Dark Age
Ending age
Imperial Age
RankedLock teamsTeams togetherTeam positionsShared explorationLock speedFull tech treeHidden civsTurbo modeCheats
Victory
Defeat
🇲🇽 Bohemians · Mexico
1003
+16
🇺🇸 Teutons · United States
1000
-48
Javan
16:24 Feudal Age
19:15 Man-at-Arms
20:52 Horse Collar
sinaimontesinos82
4:07 Loom
11:27 Feudal Age
11:43 Man-at-Arms
13:33 Forging
14:46 Arson
16:33 Horse Collar
18:49 Scale Mail Armor
22:25 Castle Age
22:06 Wheelbarrow
21:39 Double-Bit Axe
23:13 Town Watch
23:44 Bow Saw
23:44 Squires
23:06 Long Swordsman
24:06 Chain Mail Armor
25:37 Iron Casting
29:28 Town Patrol
Connection lost

Rejoining the realm…

Still unreachable

The connection could not be restored.

Session expired

The server has moved on; the page needs a fresh start.